 Dungeon Crawl Stone Soup version 0.25-a0-98-g0cf78c2f83 (webtiles) character file.

Game seed: 7194793934154123753, levelgen mode: deterministic

91373 icebaboon the Warrior (level 16, -3/124 HPs)
             Began as an Octopode Gladiator on Nov 13, 2019.
             Was the Champion of Makhleb.
             Shot with a bolt by a yaktaur captain (35 damage)
             ... on level 15 of the Dungeon.
             The game lasted 01:01:06 (29686 turns).

icebaboon the Warrior (Octopode Gladiator)         Turns: 29686, Time: 01:01:07

Health: -3/124     AC:  2    Str: 21    XL:     16   Next: 3%
Magic:  25/25      EV: 22    Int: 16    God:    Makhleb [******]
Gold:   1378       SH:  6    Dex: 19    Spells: 14/27 levels left

rFire    + + +     SeeInvis +   f - +6 scimitar (flame)
rCold    + . .     Gourm    .   F - +0 buckler
rNeg     . . .     Faith    .   Q - +1 hat of Disguise {rF+ Slay+2}
rPois    +         Spirit   .   T - amulet of Athriloru {+Blink rC+ Regen+ Dex-2 Slay+3}
rElec    .         Reflect  .   l - +4 ring of intelligence
rCorr    .         Harm     .   u - +3 ring of strength
MR       +....                  B - ring of protection from fire
Stlth    +++.......             W - ring of poison resistance
HPRegen  0.70/turn              s - +3 ring of dexterity
MPRegen  0.19/turn              K - +4 ring of dexterity
                                X - ring of see invisible
                                n - ring of protection from fire

@: no status effects
A: almost no armour, stealthy swim, amphibious, 8 rings, constrict 8, camouflage
1, gelatinous body 1
a: Minor Destruction, Lesser Servant of Makhleb, Major Destruction, Greater
Servant of Makhleb, Renounce Religion, Evoke Blink


You were on level 15 of the Dungeon.
You worshipped Makhleb.
Makhleb was exalted by your worship.
You were not hungry.

You visited 2 branches of the dungeon, and saw 21 of its levels.
You also visited: Bailey, Gauntlet and Ice Cave.

You collected 1798 gold pieces.
You spent 420 gold pieces at shops.

Inventory:

Hand Weapons
 b - a +1 vampiric scimitar
 f - a +6 scimitar of flaming (weapon)
 m - the +4 short sword of Breach {pierce, rF+ Str+6}
   (You found it in an ice cave)

   It inflicts extra damage upon your enemies.
   It affects your strength (+6).
   It protects you from fire.
Missiles
 c - 4 throwing nets {!f}
 A - a curare-tipped dart (quivered)
Armour
 F - a +0 buckler (worn)
 Q - the +1 hat of Disguise (worn) {rF+ Slay+2}
   (You found it in a Gauntlet)

   It affects your accuracy and damage with ranged weapons and melee attacks
   (+2).
   It protects you from fire.
Jewellery
 l - a +4 ring of intelligence (left tentacle)
 n - a ring of protection from fire (on tentacle)
 s - a +3 ring of dexterity (on tentacle)
 u - a +3 ring of strength (right tentacle)
 v - an uncursed amulet of the acrobat
 B - a ring of protection from fire (on tentacle)
 K - a +4 ring of dexterity (on tentacle)
 M - an uncursed ring of protection from cold
 T - the amulet of Athriloru (around mantle) {+Blink rC+ Regen+ Dex-2 Slay+3}
   (You took it off a minotaur in a Gauntlet)

   [amulet of regeneration]

   It affects your dexterity (-2).
   It affects your accuracy and damage with ranged weapons and melee attacks
   (+3).
   It protects you from cold.
   It lets you blink.
   It increases your rate of regeneration.
 W - a ring of poison resistance (on tentacle)
 X - a ring of see invisible (on tentacle)
Wands
 h - a wand of paralysis (14)
 j - a wand of digging (4)
 y - a wand of scattershot (10)
 G - a wand of flame (50)
 I - a wand of enslavement (6)
 N - a wand of random effects (20)
Scrolls
 e - 5 scrolls of fog
 q - 6 scrolls of enchant armour
 r - 3 scrolls of magic mapping
 w - 14 scrolls of teleportation {@r3}
 x - 8 scrolls of remove curse {@r2}
 H - a scroll of brand weapon
 J - a scroll of fear
 R - 5 scrolls of vulnerability
 S - 3 scrolls of immolation
 U - a scroll of identify {@r1}
 Z - 2 scrolls of holy word
Potions
 g - 5 potions of heal wounds
 i - 13 potions of curing {@q1}
 k - 7 potions of brilliance
 p - 3 potions of resistance
 t - 5 potions of lignification
 z - a potion of ambrosia
 C - 2 potions of mutation
 D - 2 potions of magic
 E - 4 potions of cancellation
 L - 4 potions of berserk rage
 O - 3 potions of haste
 P - 3 potions of might
Miscellaneous
 a - a lightning rod (4/4)
 o - a phial of floods (inert)
 V - a lamp of fire
Comestibles
 d - 51 rations


   Skills:
 + Level 16.0 Fighting
 - Level 3.0(9.7) Short Blades
 - Level 13.9(14.0) Long Blades
 - Level 2.0 Throwing
 - Level 11.0 Dodging
 - Level 4.0 Shields
 - Level 6.0 Spellcasting
 - Level 1.0 Conjurations
 - Level 2.1 Hexes
 - Level 8.0 Summonings
 - Level 4.0 Translocations
 - Level 5.0 Air Magic
 - Level 2.0 Poison Magic
 - Level 3.0 Invocations
 - Level 6.0 Evocations


You had 14 spell levels left.
You knew the following spells:

 Your Spells              Type           Power        Failure   Level  Hunger
a - Mephitic Cloud        Conj/Pois/Air  ##......     14%         3    ##.....
b - Summon Lightning Spi  Summ/Air       ####....     10%         4    ####...
c - Call Canine Familiar  Summ           ####....     1%          3    ##.....
d - Confusing Touch       Hex            ##....       6%          1    None
e - Blink                 Tloc           N/A          4%          2    #......

Your spell library contained the following spells:

 Spells                   Type           Power        Failure   Level  Hunger
 Summon Small Mammal      Summ           ####         1%          1    None
 Call Imp                 Summ           ####....     1%          2    #......
 Poisonous Vapours        Pois/Air       ###...       4%          2    #......
 Summon Guardian Golem    Hex/Summ       ###.....     5%          3    ##.....
 Corona                   Hex            ##.....      6%          1    None
 Gell's Gravitas          Tloc           ###.......   8%          3    ##.....
 Magic Dart               Conj           #...         9%          1    None
 Slow                     Hex            ##......     9%          2    #......
 Static Discharge         Conj/Air       ##......     12%         3    ##.....
 Sandblast                Erth           #.....       14%         1    None
 Ensorcelled Hibernation  Hex/Ice        #.....       14%         2    #......
 Searing Ray              Conj           #.....       14%         2    #......
 Confuse                  Hex            ##......     17%         3    ##.....
 Tukima's Dance           Hex            ##......     17%         3    ##.....
 Passwall                 Tmut/Erth      #.......     21%         2    #......
 Dazzling Spray           Conj/Hex       #.....       22%         3    ##.....
 Summon Ice Beast         Ice/Summ       ###.....     26%         4    ####...
 Conjure Flame            Conj/Fire      #.......     32%         3    ##.....
 Stone Arrow              Conj/Erth      #.....       32%         3    ##.....
 Force Lance              Conj/Tloc      ##......     43%         4    ####...
 Fulminant Prism          Conj/Hex       #.........   58%         4    ####...
 Iskenderun's Mystic Bla  Conj           #.......     65%         4    ####...
 Lightning Bolt           Conj/Air       ##........   73%         5    ######.
 Petrify                  Tmut/Erth      #.......     80%         4    ####...
 Metabolic Englaciation   Hex/Ice        #.........   94%         5    ######.
 Yara's Violent Unravell  Hex/Tmut       #.........   94%         5    ######.
 Lee's Rapid Deconstruct  Erth           #.........   98%         5    ######.
 Conjure Ball Lightning   Conj/Air       ##........   99%         6    #######
 Deflect Missiles         Chrm/Air       ##........   100%        6    #######
 Freezing Cloud           Conj/Ice/Air   ##........   100%        6    #######
 Ring of Flames           Chrm/Fire      #.........   100%        7    #######
 Discord                  Hex            ##........   100%        8    #######


Dungeon Overview and Level Annotations

Branches:
Dungeon (15/15)            Temple (0/1) D:5            Lair (6/6) D:10
  Swamp (0/4) Lair:3        Snake (0/4) Lair:3        Slime (0/5) Lair:6
    Orc (0/2) D:9          Vaults (0/5) D:13         Bailey (visited)
  IceCv (visited)         Gauntlet (visited)
 Depths: D:15

Altars:
Dithmenos
Fedhas
Makhleb
Nemelex Xobeh
Okawaru
Trog
Vehumet
The Shining One
Jiyva

Shops:
D:9 :


Innate Abilities, Weirdness & Mutations

You cannot wear most types of armour.
You are very stealthy in the water. (Stealth+)
You are amphibious.
You can wear up to eight rings at the same time.
You can use your tentacles to constrict eight enemies at once.
Your skin changes colour to match your surroundings (Stealth+).
Your rubbery body absorbs attacks. (AC +1, EV +1)


Message History

You slice the centaur warrior!! You burn the centaur warrior.
You kill the centaur warrior!
Makhleb accepts your kill.
You feel better.
Your Fighting skill increases to level 16!
The yaktaur captain wields a +0 arbalest.
The yaktaur captain shoots a bolt.
The bolt hits you!!!
The yaktaur unwields a +0 arbalest of flaming.
It stops flaming.
The yaktaur hits you.
Things that are here:
a +0 shortbow; 18 arrows The yaktaur captain shoots a bolt.
The bolt hits you!!
* * * LOW HITPOINT WARNING * * *
The yaktaur wields a +0 arbalest of flaming.
It bursts into flame!
The yaktaur shoots a bolt.
The bolt hits you!
* * * LOW HITPOINT WARNING * * *
You see here 3 bolts.
Okay, then.
You feel much better.
The yaktaur captain shoots a bolt.
The bolt hits you!!
You die...

.........# ####'####.....#
.........# #≈≈...≈≈#.....#
.........# #≈..#..≈#.....#
.........## #(#.#.#.#.....#
.........(## #.≈.≈.≈.#.....#
...........## #.≈...≈.#.....#
............## #.≈...≈.#.....#
.............###.#####.#.....#
.........#....##@# .#
.........##....#)# #
........###...##cc...'.#
........##..############
.......##..## .......#..##
......#.### ........#
#########


You could see a yaktaur captain and a yaktaur.

Vanquished Creatures
  A minotaur (Gauntlet)
  4 dire elephants (Lair:6)
  A death ooze (Gauntlet)
  A fire dragon (D:15)
  An ogre mage (D:15)
  Josephine (D:12)
  6 hydras
  Erica (D:8)
  5 two-headed ogres
  A catoblepas (D:14)
  2 centaur warriors
  2 death knights (D:14)
  4 death yaks (Lair:6)
  A tengu warrior (D:15)
  A deep elf knight (Bailey)
  3 skeletal warriors
  Sonja (Lair:6)
  An unseen horror (D:11)
  A phantasmal warrior (D:15)
  An orange crystal statue (Gauntlet)
  A deep elf archer (D:13)
  An orc knight (D:13)
  2 ugly things (IceCv)
  A cyclops (D:15)
  11 deep elf magi
  An orb spider (shapeshifter) (D:15)
  Joseph (D:7)
  3 ice statues (IceCv)
  6 black mambas
  12 elephants
  A gargoyle (D:13)
  A torpor snail (shapeshifter) (D:15)
  10 spiny frogs
  2 yaktaurs (D:13)
  An efreet (D:14)
  A komodo dragon (shapeshifter) (D:15)
  4 freezing wraiths
  A kobold demonologist (D:9)
  A rime drake (Lair:6)
  5 komodo dragons
  3 trolls
  2 tengu conjurers (D:14)
  4 polar bears
  A hornet (D:12)
  12 blink frogs
  3 slime creatures (D:12)
  9 dream sheep
  5 hippogriffs
  4 centaur simulacra (D:14)
  6 wraiths
  2 shadows
  2 wyverns
  59 yaks
  A spriggan (Lair:6)
  2 water elementals (D:14)
  5 basilisks
  Grum (Lair:1)
  3 chaos spawn (Gauntlet)
  A hungry ghost (D:8)
  A neqoxec (Gauntlet)
  A swamp worm (Lair:3)
  4 nagas (Lair:3)
  2 acid dragons
  Duvessa (D:4)
  A soldier ant (D:12)
  10 porcupines
  7 water moccasins
  4 black bears
  A hornet zombie (D:13)
  2 phantoms
  11 ice beasts
  2 eyes of draining
  9 orc warriors
  A black bear (shapeshifter) (D:14)
  4 sky beasts
  4 necrophages
  8 wolves
  10 ogres
  3 boggarts (D:14)
  11 centaurs
  18 crocodiles
  23 big kobolds
  13 bullfrogs
  Dowan (D:4)
  A water moccasin skeleton (D:10)
  6 scorpions
  3 killer bees (D:8)
  An electric eel (D:6)
  8 wights
  6 crimson imps
  9 hounds
  2 wyvern simulacra (D:14)
  7 orc priests
  4 centaur zombies
  3 jellies
  Crazy Yiuf (D:3)
  16 orc wizards
  10 centaur skeletons
  4 iguanas
  Natasha (thrice) (D:2)
  5 hell rats (Lair:3)
  11 worker ants
  A hound skeleton (D:9)
  A howler monkey zombie (D:8)
  Robin (D:4)
  A howler monkey skeleton (D:11)
  7 gnolls
  16 adders
  2 shadow imps
  18 white imps
  An ufetubus (D:14)
  2 adder zombies
  An adder skeleton (D:5)
  6 worms
  A dart slug (D:2)
  2 leopard geckos
  36 orcs
  12 bats
  6 giant cockroaches
  23 goblins
  12 hobgoblins
  23 jackals
  5 quokkas
  3 ball pythons
  7 frilled lizards
  21 kobolds
  4 rats
  10 plants
704 creatures vanquished.

Vanquished Creatures (collateral kills)
  Rupert (D:15)
  Erolcha (D:13)
  3 hydras
  An anaconda (Lair:6)
  A death yak (Lair:6)
  Urug (Lair:4)
  2 deep elf magi (Bailey)
  An oklob plant (Lair:3)
  7 elephants
  A tengu conjurer (D:15)
  2 polar bears
  3 blink frogs (Lair:5)
  3 slime creatures (D:12)
  2 yaks
  An orc warrior (D:10)
  2 ogres (D:15)
  2 crocodiles
  A big kobold (D:13)
  A scorpion (D:10)
  2 orc wizards
  An iguana (D:10)
  2 hell rats (Lair:3)
  2 orcs
  2 kobolds (D:13)
45 creatures vanquished.

Vanquished Creatures (others)
  4 fungi
  3 plants
  4 toadstools (D:1)
11 creatures vanquished.

Grand Total: 760 creatures vanquished

Notes
Turn   | Place    | Note
-------+----------+-------------------------------------------
     0 | D:1      | icebaboon the Octopode Gladiator began the quest for the
                  | Orb.
     0 | D:1      | Reached XP level 1. HP: 14/14 MP: 1/1
   223 | D:1      | Reached XP level 2. HP: 10/20 MP: 2/2
   841 | D:1      | Reached skill level 3 in Fighting
   895 | D:1      | Reached XP level 3. HP: 26/26 MP: 3/3
  1794 | D:2      | Reached XP level 4. HP: 32/32 MP: 4/4
  2234 | D:2      | Found a burning altar of Makhleb.
  2234 | D:2      | Noticed an Executioner
  2237 | D:2      | Noticed a ynoxinul
  2237 | D:2      | Noticed an orange demon
  2364 | D:2      | Became a worshipper of Makhleb the Destroyer
  2407 | D:3      | Noticed Natasha
  2420 | D:2      | Reached skill level 4 in Fighting
  2504 | D:2      | Killed Natasha
  2504 | D:2      | Reached XP level 5. HP: 24/37 MP: 5/5
  2519 | D:2      | Noticed Natasha
  2529 | D:2      | Killed Natasha
  2787 | D:2      | Noticed Natasha
  2803 | D:2      | Killed Natasha
  3251 | D:3      | Found a runed translucent door.
  3252 | D:3      | Noticed Crazy Yiuf
  3514 | D:3      | Killed Crazy Yiuf
  3514 | D:3      | Reached skill level 5 in Fighting
  3514 | D:3      | Reached XP level 6. HP: 20/45 MP: 6/6
  3893 | D:3      | Found an iron altar of Okawaru.
  3955 | D:3      | Found a burning altar of Makhleb.
  4321 | D:3      | Found a faded altar of an unknown god.
  4389 | D:4      | Noticed Duvessa
  4417 | D:4      | Killed Duvessa
  4540 | D:4      | Noticed Dowan
  4545 | D:3      | Reached skill level 6 in Fighting
  4545 | D:3      | Reached XP level 7. HP: 52/52 MP: 7/7
  4993 | D:3      | Reached skill level 5 in Dodging
  5437 | D:4      | Found a burning altar of Makhleb.
  5459 | D:4      | Reached * piety under Makhleb
  5522 | D:4      | Found a blossoming altar of Fedhas.
  5557 | D:4      | Noticed Robin
  5579 | D:4      | Reached skill level 7 in Fighting
  5579 | D:4      | Reached skill level 1 in Invocations
  5579 | D:4      | Reached skill level 1 in Evocations
  5595 | D:4      | Killed Dowan
  5978 | D:4      | Killed Robin
  6325 | D:5      | Entered Level 5 of the Dungeon
  6331 | D:5      | Reached XP level 8. HP: 59/60 MP: 9/9
  6406 | D:5      | Found a staircase to the Ecumenical Temple.
  7313 | D:6      | Reached skill level 8 in Fighting
  7622 | D:6      | Reached ** piety under Makhleb
  8029 | D:6      | Found a sparkling altar of Nemelex Xobeh.
  8102 | D:6      | Reached XP level 9. HP: 45/67 MP: 11/11
  8724 | D:6      | Found a radiant altar of Vehumet.
  8724 | D:6      | Found a bloodstained altar of Trog.
  8933 | D:7      | Noticed Joseph
  8948 | D:7      | Killed Joseph
  8948 | D:7      | Reached skill level 9 in Fighting
  9232 | D:7      | Found a bloodstained altar of Trog.
 10225 | D:8      | Reached skill level 5 in Evocations
 10318 | D:8      | Noticed a two-headed ogre
 10345 | D:9      | Reached skill level 10 in Fighting
 10353 | D:9      | Reached XP level 10. HP: 63/76 MP: 14/14
 10414 | D:9      | Found Honkufu's Book Boutique.
 10609 | D:9      | Noticed a kobold demonologist
 10651 | D:9      | Reached skill level 11 in Fighting
 10701 | D:9      | Killed a kobold demonologist
 10806 | D:9      | Reached *** piety under Makhleb
 11254 | D:9      | Found a staircase to the Orcish Mines.
 11434 | D:9      | Reached skill level 12 in Fighting
 12068 | D:8      | Reached XP level 11. HP: 61/85 MP: 15/15
 12345 | D:8      | Learned a level 3 spell: Mephitic Cloud
 12368 | D:8      | Noticed Erica
 12384 | D:8      | Killed Erica
 12384 | D:8      | Reached skill level 1 in Spellcasting
 12384 | D:8      | Reached skill level 1 in Air Magic
 12384 | D:8      | Reached skill level 1 in Poison Magic
 12428 | D:8      | Reached skill level 1 in Conjurations
 12452 | D:8      | Killed a two-headed ogre
 12452 | D:8      | Reached skill level 1 in Long Blades
 12488 | D:8      | Reached **** piety under Makhleb
 13114 | D:8      | Noticed a three-headed hydra
 13818 | D:8      | Killed a one-headed hydra
 13997 | D:10     | Entered Level 10 of the Dungeon
 14595 | D:10     | Reached skill level 10 in Dodging
 14942 | D:10     | Found a staircase to the Lair.
 14953 | D:10     | Reached skill level 5 in Long Blades
 15156 | D:11     | Killed an unseen horror
 15201 | D:11     | Found a frozen archway.
 15215 | D:11     | Reached ***** piety under Makhleb
 15316 | IceCv    | Entered an ice cave
 15364 | IceCv    | Reached XP level 12. HP: 61/90 MP: 17/17
 15724 | IceCv    | Got a brightly glowing short sword
 16568 | D:11     | Identified the +4 short sword of Breach {pierce, rF+ Str+6}
                  | (You found it in an ice cave)
 16659 | D:9      | Bought a book of Callings for 420 gold pieces
 16664 | D:9      | Learned a level 4 spell: Summon Lightning Spire
 16668 | D:9      | Learned a level 3 spell: Call Canine Familiar
 16764 | Lair:1   | Entered Level 1 of the Lair of Beasts
 16815 | Lair:1   | Reached skill level 5 in Air Magic
 16843 | Lair:1   | Reached skill level 1 in Summonings
 17357 | Lair:1   | Noticed Grum
 17374 | Lair:1   | Killed Grum
 17411 | Lair:1   | Got a dazzling flail
 17753 | Lair:1   | Learned a level 1 spell: Confusing Touch
 17809 | Lair:1   | Reached skill level 5 in Spellcasting
 18295 | Lair:2   | Reached skill level 1 in Hexes
 18711 | Lair:2   | Reached skill level 1 in Shields
 19136 | Lair:2   | Identified the +6 flail of Sin {protect, Dex+4} (You found
                  | it on level 1 of the Lair of Beasts)
 19662 | Lair:3   | Reached XP level 13. HP: 79/96 MP: 17/21
 19669 | Lair:3   | Reached skill level 5 in Summonings
 20494 | Lair:3   | Found a staircase to the Snake Pit.
 20747 | Lair:3   | Found a staircase to the Swamp.
 20871 | Lair:4   | Found a blossoming altar of Fedhas.
 20895 | Lair:4   | Found a gate leading to a gauntlet.
 20907 | Gauntlet | Entered a Gauntlet
 20907 | Gauntlet | Found a runed translucent door.
 20907 | Gauntlet | Found a transporter.
 20907 | Gauntlet | Found a runed translucent door.
 20907 | Gauntlet | Found a transporter.
 20919 | Gauntlet | Found a transporter.
 20923 | Gauntlet | Found a transporter.
 20933 | Gauntlet | Found a transporter.
 20935 | Gauntlet | Found a transporter.
 20943 | Gauntlet | Found a transporter.
 20963 | Gauntlet | Found a transporter.
 20984 | Gauntlet | Found a transporter.
 20985 | Gauntlet | Found a transporter.
 20985 | Gauntlet | Noticed a death ooze
 20996 | Gauntlet | Found a transporter.
 20997 | Gauntlet | Found a transporter.
 21116 | Gauntlet | Found a runed translucent door.
 21278 | Gauntlet | Killed a death ooze
 21423 | Gauntlet | Got a scorched hat
 21462 | Gauntlet | Identified the amulet of Athriloru {+Blink rC+ Regen+ Dex-2
                  | Slay+3}
 21462 | Gauntlet | Noticed a minotaur
 21470 | Gauntlet | Killed a minotaur
 21547 | Gauntlet | Identified the +1 hat of Disguise {rF+ Slay+2} (You found
                  | it in a Gauntlet)
 21920 | Lair:4   | Reached skill level 10 in Long Blades
 22061 | Lair:4   | Noticed Urug
 22239 | Lair:4   | Killed Urug
 22325 | Lair:4   | Reached XP level 14. HP: 91/103 MP: 23/23
 23381 | Lair:6   | Entered Level 6 of the Lair of Beasts
 23634 | Lair:6   | Found a staircase to the Slime Pits.
 23634 | Lair:6   | Found a viscous altar of Jiyva.
 23983 | Lair:6   | Noticed Sonja
 24014 | Lair:6   | Killed Sonja
 24673 | Lair:6   | Noticed a dire elephant
 24687 | Lair:6   | Killed a dire elephant
 24752 | Lair:6   | Noticed a dire elephant
 24752 | Lair:6   | Noticed a dire elephant
 24766 | Lair:6   | Noticed a dire elephant
 24783 | Lair:6   | Killed a dire elephant
 24831 | Lair:6   | Killed a dire elephant
 24838 | Lair:6   | Killed a dire elephant
 25390 | D:12     | Noticed Josephine
 25413 | D:12     | Killed Josephine
 25613 | D:12     | Found an iron altar of Okawaru.
 25793 | D:12     | Reached skill level 13 in Fighting
 25793 | D:12     | Reached XP level 15. HP: 110/110 MP: 24/24
 26135 | D:12     | Learned a level 2 spell: Blink
 26150 | D:13     | Reached skill level 1 in Translocations
 26153 | D:13     | Reached ****** piety under Makhleb
 26212 | D:13     | Found a flagged portal.
 26251 | Bailey   | Entered a bailey
 26359 | Bailey   | Identified the Disquisition on Fiery Lightness
 26942 | D:13     | Found a gate to the Vaults.
 27028 | D:13     | Found a shadowy altar of Dithmenos.
 27134 | D:13     | Noticed Erolcha
 27140 | D:13     | Reached skill level 14 in Fighting
 27146 | D:13     | Killed Erolcha
 28278 | D:15     | Entered Level 15 of the Dungeon
 28632 | D:15     | Reached skill level 15 in Fighting
 28956 | D:15     | Found a glowing golden altar of the Shining One.
 29002 | D:15     | Noticed Rupert
 29031 | D:15     | Killed Rupert
 29275 | D:15     | Identified the Guide on the Entrancing Birds
 29314 | D:15     | Reached XP level 16. HP: 124/124 MP: 21/25
 29423 | D:15     | Found a blossoming altar of Fedhas.
 29683 | D:15     | Reached skill level 16 in Fighting
 29686 | D:15     | Shot with a bolt by a yaktaur captain

Levels and vault maps discovered:
D:1:      ldierk_water_garden, layout_loops_corners, roderic_roman_lattice,
          minmay_pentomino_s4
D:2:      layout_rooms, makhleb_altar_promises_db
D:3:      layout_rooms, nicolae_overflow_crystal_walls,
          chequers_ecumenical_altar_grove, first_ration, lemuel_altar_in_water,
          uniq_crazy_yiuf_cottage, uniq_natasha
D:4:      layout_cave_pools, lemuel_coloured_pillars_altar, lemuel_round_altar,
          kennysheep_generic_room_11, uniq_duvessa, uniq_robin
D:5:      layout_basic, minmay_temple_entry_butterflies, serial_glass,
          glass_columns_a, glass_columns_c
D:6:      layout_gridville, lemuel_doored_altar, gammafunk_temple_overflow_wave,
          skrybe_limestone_x, minmay_crystal_water
D:7:      layout_basic, trog_three_pillars_becter, uniq_joseph
D:8:      layout_loops_ring, hangedman_ranch [blue_anna_fruit_fields],
          uniq_erica
D:9:      layout_roguey [special_room_kobold], david_orc_1_choice, serial_shops,
          nicolae_shop_behind_doors, grunt_ministairs_14
D:10:     layout_cave_pools, minmay_lair_entry_grove
D:11:     layout_loops_cross, portal_ice_cave_entry_imps, chequers_jeans
D:12:     layout_irregular_city, basic_altar, fountainhead, uniq_josephine
D:13:     layout_cave_pools, hangedman_vaults_entry_quadrant_bands,
          enter_bailey_3, grunt_dithmenos_smoke, uniq_erolcha
D:14:     layout_irregular_city, serial_ice, serial_ice_o, serial_ice_b,
          serial_ice_d, serial_ice_k, serial_ice_n, serial_ice_c, serial_ice_g,
          serial_ice_a, serial_ice_h, serial_ice_m
D:15:     grunt_enter_depths_snipers, layout_layer_cave, basic_altar,
          fedhas_altar_fruit_tree, uniq_rupert
Lair:1:   layout_chaotic_city, uniq_grum
Lair:2:   layout_regular_city, lemuel_fruit_tree
Lair:3:   layout_gridlike, palyth_hydra_swamp_entry,
          minmay_snake_entry_guardpost_small, minmay_lair_oklob_items,
          beast_lair_carwin_8, grunt_megastairs_5
Lair:4:   layout_gridlike, gauntlet_entry_generic, basic_altar, uniq_urug
Lair:5:   layout_regular_city, grunt_megastairs_2
Lair:6:   due_jungle_book, layout_regular_city, slime_altar_1, wad_woods_03,
          grunt_megastairs_1, uniq_sonja

Skill      XL: |  1  2  3  4  5  6  7  8  9 10 11 12 13 14 15 16 |
---------------+-------------------------------------------------+-----
Fighting       | 3 4 5 6 7 8 10 12 13 15 16 | 16.0
Dodging        | 4 5 6 7 9 10 11 | 11.0
Invocations    | 1 3 |  3.0
Evocations     | 1 3 5 6 |  6.0
Spellcasting   | 3 5 6 |  6.0
Air Magic      | 4 5 |  5.0
Poison Magic   | 2 |  2.0
Conjurations   | 1 |  1.0
Long Blades    | 5 7 10 13 | 13.9
Summonings     | 4 8 |  8.0
Hexes          | 2 |  2.1
Shields        | 2 4 |  4.0
Translocations | 4 |  4.0
Short Blades   | |  3.0
Throwing       | |  2.0

Action                   |  1- 3 |  4- 6 |  7- 9 | 10-12 | 13-15 | 16-18 || total
-------------------------+-------+-------+-------+-------+-------+-------++-------
Melee: Rapier            |    50 |       |       |       |       |       ||    50
       Constrict         |    25 |    30 |    50 |   113 |    96 |       ||   314
       Tentacles         |    18 |    30 |    59 |   194 |   304 |     5 ||   610
       Dagger            |    40 |    86 |       |       |       |       ||   126
       Quarterstaff      |       |    36 |    15 |       |       |       ||    51
       Short sword       |       |     2 |   190 |   234 |       |       ||   426
       Scimitar          |       |       |       |   321 |   776 |    14 ||  1111
 Fire: Hunting sling     |       |     4 |    14 |       |       |       ||    18
Throw: Stone             |       |     4 |     1 |       |       |       ||     5
       Dart              |       |     2 |    16 |    12 |     7 |       ||    37
       Throwing net      |       |       |       |       |     1 |       ||     1
 Cast: Mephitic Cloud    |       |       |       |    11 |     5 |       ||    16
       Summon Lightning  |       |       |       |     1 |    45 |       ||    46
       Call Canine Famil |       |       |       |       |     4 |       ||     4
       Blink             |       |       |       |       |     4 |       ||     4
Invok: Lesser Servant of |       |       |       |     6 |    21 |       ||    27
Evoke: Wand              |       |       |    19 |    30 |    20 |       ||    69
       Phial of floods   |       |       |       |       |     1 |       ||     1
  Use: Scroll            |       |       |    11 |    17 |    16 |       ||    44
       Potion            |       |       |       |     5 |     7 |     1 ||    13
 Stab: Sleeping          |     6 |     3 |     8 |     8 |    18 |       ||    43
       Paralysed         |       |       |    10 |     9 |     3 |       ||    22
       Distracted        |       |       |       |     2 |     7 |       ||     9
       Confused          |       |       |       |     5 |       |       ||     5
  Eat: Chunk             |     3 |     8 |    15 |    24 |    32 |     3 ||    85
       Ration            |       |       |     1 |     3 |     2 |       ||     6
Armor: Skin              |    11 |    12 |     5 |    18 |    19 |     1 ||    66
Dodge: Dodged            |    69 |    70 |   117 |   387 |   491 |    13 ||  1147
Block: Buckler           |       |       |       |     6 |   142 |     4 ||   152
       Rpst.: Scimitar   |       |       |       |    74 |   125 |     4 ||   203

Table legend:
 A = Non-vault XP
 B = Vault XP
 C = Vault XP percentage of total XP
 D = Non-vault monster count
 E = Vault monster count
 F = Vault count percentage of total count
                 A         B        C        D         E       F
            +---------+---------+-------+---------+---------+-------
      Total |   85139 |   45394 |  34.8 |     538 |     201 |  27.2
            +---------+---------+-------+---------+---------+-------
        D:1 |      40 |       3 |   7.0 |      24 |       2 |   7.7
        D:2 |     170 |      35 |  17.1 |      38 |       1 |   2.6
        D:3 |     305 |      41 |  11.8 |      29 |       1 |   3.3
        D:4 |     334 |     270 |  44.7 |      12 |      13 |  52.0
        D:5 |     621 |       0 |   0.0 |      22 |       0 |   0.0
        D:6 |     780 |       0 |   0.0 |      14 |       0 |   0.0
        D:7 |     369 |     471 |  56.1 |       7 |       1 |  12.5
        D:8 |    2421 |    3111 |  56.2 |      37 |       9 |  19.6
        D:9 |    2312 |    3000 |  56.5 |      18 |      37 |  67.3
       D:10 |     787 |    1652 |  67.7 |      16 |      13 |  44.8
       D:11 |    2417 |     124 |   4.9 |      34 |      12 |  26.1
       D:12 |    3911 |    1859 |  32.2 |      32 |       6 |  15.8
       D:13 |    4244 |    6749 |  61.4 |      31 |      21 |  40.4
       D:14 |    6584 |    2406 |  26.8 |      25 |      21 |  45.7
       D:15 |   15136 |    2959 |  16.4 |      34 |       2 |   5.6
     Lair:1 |    3662 |     439 |  10.7 |      21 |       3 |  12.5
     Lair:2 |    4198 |     468 |  10.0 |      22 |       1 |   4.3
     Lair:3 |    5719 |    3977 |  41.0 |      25 |      15 |  37.5
     Lair:4 |   11666 |     633 |   5.1 |      49 |       1 |   2.0
     Lair:5 |    5929 |     818 |  12.1 |      22 |       2 |   8.3
     Lair:6 |   13534 |    4774 |  26.1 |      26 |      12 |  31.6
     Bailey |       0 |    5336 | 100.0 |       0 |      10 | 100.0
      IceCv |       0 |    3031 | 100.0 |       0 |      11 | 100.0
   Gauntlet |       0 |    3238 | 100.0 |       0 |       7 | 100.0
            +---------+---------+-------+---------+---------+-------
